 Dungeon Crawl Stone Soup version 0.22-a0-782-g038298e (webtiles) character file.

17301 MothsLongingForFire the Spear-Bearer (level 12, -2/100 HPs)
             Began as a Demonspawn Monk on July 19, 2018.
             Was an Elder of Yredelemnul.
             Killed from afar by a gargoyle (4 damage)
             ... with a stone arrow
             ... on level 13 of the Dungeon.
             The game lasted 00:45:32 (16616 turns).

MothsLongingForFire the Spear-Bearer (DsMo)        Turns: 16616, Time: 00:45:33

Health: -2/100     AC: 15    Str: 17    XL:     12   Next: 17%
Magic:  16/16      EV:  5    Int: 11    God:    Yredelemnul [****..]
Gold:   531        SH:  0    Dex: 16    Spells: 11/11 levels left

rFire    . . .     SeeInvis +   S - +3 halberd
rCold    . . .     Gourm    +   (shield currently unavailable)
rNeg     . . .     Faith    .   Q - +0 plate armour
rPois    .         Spirit   .   (helmet restricted)
rElec    .         Reflect  .   p - scarf {repulsion}
rCorr    +         Harm     .   u - +0 pair of gloves
MR       .....                  J - +0 pair of boots
Stlth    ..........             r - amulet of the gourmand
HPRegen  0.26/turn              v - ring of see invisible
MPRegen  0.15/turn              R - ring of resist corrosion

@: about to teleport, repel missiles
A: horns 2, thin metallic scales 2, demonic guardian 2, foul stench 1, rot
immunity
a: Recall Undead Slaves, Injury Mirror, Animate Dead, Drain Life, Renounce
Religion


You were on level 13 of the Dungeon.
You worshipped Yredelemnul.
Yredelemnul was greatly pleased with you.
You were not hungry.

You visited 2 branches of the dungeon, and saw 15 of its levels.
You also visited: Sewer.

You collected 531 gold pieces.


Innate Abilities, Weirdness & Mutations

You have a pair of horns on your head.
You are mostly covered in thin metallic scales. (AC +3)
A demonic guardian rushes to your aid.
You may emit foul miasma when damaged in melee.
You are immune to rotting.


   Skills:
 + Level 11.5 Fighting
 * Level 14.0 Polearms
 - Level 2.6 Dodging
 - Level 4.4 Stealth
 - Level 5.6 Invocations


You had 11 spell levels left.
You didn't know any spells.
Your spell library was empty.

Inventory:

Hand Weapons
 o - a +0 blowgun {@w1}
 B - a +0 glaive
 S - a +3 halberd (weapon)
Missiles
 e - 410 stones
 k - 13 tomahawks (quivered)
 l - 65 poisoned needles
Armour
 p - a scarf of repulsion (worn)
 u - a +0 pair of gloves (worn)
 C - a +0 chain mail
 J - a +0 pair of boots (worn)
 Q - a +0 plate armour (worn)
Jewellery
 r - an amulet of the gourmand (around neck)
 v - a ring of see invisible (left hand)
 R - a ring of resist corrosion (right hand)
Wands
 b - a wand of polymorph (39)
 i - a wand of random effects (9)
 w - a wand of flame (23)
 z - a wand of iceblast (7)
 M - a wand of paralysis (4)
 N - a wand of disintegration (11)
Scrolls
 n - 2 scrolls of remove curse {@r2}
 s - a scroll of teleportation {@r4}
 t - 2 scrolls of enchant armour {unknown}
 y - 2 scrolls of blinking {unknown}
 A - a scroll of summoning {unknown}
 D - 2 scrolls of magic mapping {unknown}
 F - a scroll of fear
 G - 2 scrolls of amnesia
 O - 2 scrolls of torment {unknown}
Potions
 f - 5 potions of flight
 g - 2 potions of haste {unknown}
 h - 2 potions of heal wounds {unknown}
 j - 4 potions of agility
 q - 2 potions of lignification {!q}
 x - 4 potions of might
 E - 3 potions of brilliance
 H - a potion of mutation {unknown}
 I - a potion of magic {unknown}
 P - a potion of invisibility {unknown}
Comestibles
 c - 14 rations {@e1}

Dungeon Overview and Level Annotations

Branches:
Dungeon (14/15)            Temple (1/1) D:5            Lair (0/6) D:11
    Orc (0/2) D:12
 Vaults: D:13-14

Altars:
Ashenzari
Cheibriados
Dithmenos
Elyvilon
Fedhas
Gozag
Hepliaklqana
Kikubaaqudgha
Makhleb
Nemelex Xobeh
Okawaru
Qazlal
Ru
Sif Muna
Trog
Uskayaw
Vehumet
Wu Jian
Xom
Yredelemnul
Zin
The Shining One
Beogh

Shops:
D:4 [

Annotations:
D:13 Maurice
D:14 Kirke

...............
.....).........
...............
...............
............>.#
......$.......#
..............#
.......@......#
..............#
.....$.9......#
.........@....#
...............
......≈≈≈≈....!
?....≈≈≈≈≈≈...≈
.Y..≈≈≈≈≈≈≈...≈
....≈≈≈≈≈≈≈...≈


You could see Maurice (invisible), a gargoyle and an ice beast.


Message History

Your soul eater barely misses the gargoyle.
Use which ability? (? or * to list) Nothing appears to have answered your call.
Your soul eater completely misses the gargoyle.
The gargoyle hurls a stone arrow at you.
The stone arrow hits you!
* * * LOW HITPOINT WARNING * * *
Your soul eater hits the gargoyle but does no damage.
The skeletal warrior closely misses your soul eater.
There is a stone staircase leading up here.
The skeletal warrior hits your soul eater with a twisted falchion {protect}.
The gargoyle barely misses you.
Your soul eater barely misses the skeletal warrior.
You climb upwards.
The deep elf archer shouts!
The vault guard shouts!
Maurice shouts!
You hear a shout! x2
Found 27 gold pieces, a potion of might and a scroll of immolation.
Found an escape hatch in the floor.
There is a stone staircase leading down here.
As you read the scroll of teleportation {@r4}, it crumbles to dust.
You feel strangely unstable. The gargoyle hits you with a mace!
* * * LOW HITPOINT WARNING * * *
An ice beast comes into view.
Maurice gestures wildly while chanting.
Maurice flickers and vanishes for a moment.
Found a rapier.
The gargoyle hurls a stone arrow at you.
The stone arrow hits you!
You die...
Your body rises from the dead as a mindless zombie.

Skill      XL: |  1  2  3  4  5  6  7  8  9 10 11 12 |
---------------+-------------------------------------+-----
Stealth        | 2 3 4 |  4.4
Polearms       | 3 4 5 6 8 10 11 13 14 | 14.0
Fighting       | 4 5 6 8 9 11 | 11.5
Invocations    | 2 5 |  5.6
Dodging        | |  2.6

Action                   |  1- 3 |  4- 6 |  7- 9 | 10-12 || total
-------------------------+-------+-------+-------+-------++-------
Melee: Spear             |   181 |   137 |       |       ||   318
       Halberd           |       |   170 |   287 |   539 ||   996
       Glaive            |       |       |    12 |       ||    12
       Headbutt          |       |       |       |    70 ||    70
 Fire: Blowgun           |       |    10 |       |       ||    10
Throw: Tomahawk          |     2 |     2 |       |       ||     4
Invok: Animate Remains   |       |       |    13 |     1 ||    14
       Injury Mirror     |       |       |     1 |       ||     1
       Animate Dead      |       |       |       |    33 ||    33
       Recall Undead Sla |       |       |       |    14 ||    14
       Drain Life        |       |       |       |     7 ||     7
Evoke: Wand              |     1 |       |       |     5 ||     6
  Use: Scroll            |     4 |     5 |     2 |     8 ||    19
       Potion            |       |       |     1 |     6 ||     7
 Stab: Sleeping          |     2 |     9 |     4 |       ||    15
       Distracted        |       |       |     7 |     6 ||    13
  Eat: Chunk             |     3 |     8 |    12 |    28 ||    51
       Ration            |       |     1 |     2 |     3 ||     6
Armor: Robe              |     8 |       |       |       ||     8
       Ring mail         |    66 |    82 |    78 |       ||   226
       Skin              |       |     2 |     4 |     6 ||    12
       Chain mail        |       |       |    66 |   168 ||   234
       Plate armour      |       |       |       |    30 ||    30
Dodge: Dodged            |   102 |   170 |   193 |   121 ||   586
       Deflected         |       |     5 |     8 |    13 ||    26

Vault maps used:
D:1:      roderic_crossed_star, serial_park_tiny_pond, serial_bayou_pond_e
D:2:      first_ration, minmay_misc_feat_doors, uniq_robin, uniq_sigmund
D:3:      nicolae_overflow_hidden_temple, chequers_ecumenical_altar_twisty
D:4:      portal_sewer_entry_a, ebering_ghost_reflecting_pool, serial_shops,
          shop
D:5:      kennysheep_mini_moat, minmay_temple_entry_trees, ebering_ghost_sewer_f
D:6:      lemuel_round_altar, uniq_eustachio
D:7:      uniq_joseph, uniq_pikel
D:8:      serial_undead, serial_undead_d, serial_undead_c, serial_undead_c,
          serial_undead_b, serial_undead_b, uniq_erica, uniq_psyche
D:9:      fedhas_altar_1, gammafunk_ghost_spectres
D:11:     dpeg_oklobed_lair, hangedman_little_slice_of_home
D:12:     david_orc_5, billiards_dpeg, uniq_erolcha
D:13:     grunt_vaults_entry_fortified, grunt_decor_one_mirror, uniq_maurice,
          uniq_nessos, uniq_sonja, uniq_urug
D:14:     basic_altar, serial_park_tiny_pond, yredelemnul_altar_generic,
          uniq_kirke
Temple:   regret_index_temple_mists
Sewer:    sewer_kobolds

Notes
Turn   | Place    | Note
-------+----------+-------------------------------------------
     0 | D:1      | MothsLongingForFire the Demonspawn Monk began the quest for the Orb.
     0 | D:1      | Reached XP level 1. HP: 18/18 MP: 1/1
   140 | D:1      | Reached skill level 2 in Stealth
   144 | D:1      | Gained mutation: You are immune to rotting. [demonic ancestry]
   144 | D:1      | Reached XP level 2. HP: 23/24 MP: 2/2
   203 | D:1      | Reached skill level 3 in Polearms
   653 | D:2      | Noticed Sigmund
   884 | D:2      | Noticed Robin
   903 | D:2      | Gained mutation: You are partially covered in thin metallic scales. (AC +2) [demonic ancestry]
   903 | D:2      | Reached XP level 3. HP: 27/29 MP: 3/3
  1815 | D:3      | Found a shattered altar of Ashenzari.
  1861 | D:3      | Gained mutation: You may emit foul miasma when damaged in melee. [demonic ancestry]
  1861 | D:3      | Reached XP level 4. HP: 32/37 MP: 4/4
  2154 | D:3      | Reached skill level 3 in Stealth
  2307 | D:3      | Reached skill level 4 in Fighting
  2455 | D:3      | Found a faded altar of an unknown god.
  2941 | D:1      | Reached XP level 5. HP: 21/42 MP: 5/5
  3383 | D:2      | Killed Robin
  3603 | D:4      | Found a glowing drain.
  3650 | Sewer    | Entered a sewer
  3672 | Sewer    | Reached skill level 4 in Polearms
  4212 | Sewer    | Found a white marble altar of Elyvilon.
  4315 | D:4      | Gained mutation: A weak demonic guardian rushes to your aid. [demonic ancestry]
  4315 | D:4      | Reached XP level 6. HP: 45/49 MP: 6/6
  4467 | D:4      | Reached skill level 4 in Stealth
  4480 | D:4      | Found a runed door.
  4491 | D:4      | Noticed Meatbag's ghost (amateur DECj)
  4965 | D:4      | Found Cosh's Armour Boutique.
  5082 | D:5      | Entered Level 5 of the Dungeon
  5097 | D:5      | Reached skill level 5 in Polearms
  5193 | D:5      | Found a deep blue altar of Sif Muna.
  5256 | D:5      | Reached skill level 5 in Fighting
  5256 | D:5      | Gained mutation: You are mostly covered in thin metallic scales. (AC +3) [demonic ancestry]
  5256 | D:5      | Reached XP level 7. HP: 45/56 MP: 7/7
  5850 | D:5      | Found a staircase to the Ecumenical Temple.
  5870 | Temple   | Entered the Ecumenical Temple
  5893 | Temple   | Became a worshipper of Yredelemnul the Dark
  5893 | Temple   | Reached * piety under Yredelemnul
  5893 | Temple   | Reached ** piety under Yredelemnul
  6006 | D:5      | Found a runed door.
  6009 | D:5      | Noticed Amnesiac's ghost (novice DsEE)
  6061 | D:5      | Found a runed door.
  6104 | D:6      | Reached skill level 1 in Invocations
  6105 | D:6      | HP: 8/84 [hound (4)]
  6441 | D:6      | Reached skill level 6 in Polearms
  6441 | D:6      | Reached skill level 2 in Invocations
  6487 | D:6      | Noticed Eustachio
  6566 | D:6      | Reached XP level 8. HP: 57/64 MP: 8/10
  6646 | D:6      | Reached skill level 3 in Invocations
  7012 | D:5      | Killed Eustachio
  7012 | D:5      | Reached skill level 6 in Fighting
  7274 | D:6      | Found an ornate altar of the Wu Jian Council.
  7444 | D:7      | Reached skill level 7 in Polearms
  7444 | D:7      | Reached skill level 4 in Invocations
  7936 | D:7      | Noticed Pikel
  7959 | D:7      | Killed Pikel
  7959 | D:7      | Reached skill level 8 in Polearms
  7959 | D:7      | Reached skill level 5 in Invocations
  7959 | D:7      | Gained mutation: A demonic guardian rushes to your aid. [demonic ancestry]
  7959 | D:7      | Reached XP level 9. HP: 39/71 MP: 11/13
  8236 | D:7      | Noticed Joseph
  8246 | D:7      | Killed Joseph
  8246 | D:7      | Reached skill level 7 in Fighting
  8543 | D:5      | Killed Amnesiac's ghost
  8766 | D:4      | Killed Meatbag's ghost
  8839 | D:2      | Killed Sigmund
  9061 | D:8      | Reached skill level 9 in Polearms
  9441 | D:8      | Noticed Erica
  9447 | D:8      | Killed Erica
  9447 | D:8      | Reached skill level 8 in Fighting
  9467 | D:8      | Noticed Psyche
  9475 | D:8      | Killed Psyche
  9475 | D:8      | Reached skill level 10 in Polearms
  9475 | D:8      | Reached XP level 10. HP: 72/81 MP: 14/14
  9622 | D:8      | Reached *** piety under Yredelemnul
  9869 | D:9      | Found a runed gate.
  9876 | D:9      | Found a runed gate.
  9876 | D:9      | Found a runed gate.
  9878 | D:9      | Noticed Deathmic's ghost (novice MiFi)
 10355 | D:9      | Found a blossoming altar of Fedhas.
 10505 | D:9      | Received a gift from Yredelemnul (a wight)
 10681 | D:9      | Reached skill level 9 in Fighting
 10939 | D:9      | Noticed a cyclops
 10942 | D:9      | Killed a cyclops
 10942 | D:9      | Reached skill level 11 in Polearms
 11143 | D:9      | Killed Deathmic's ghost
 11392 | D:10     | Entered Level 10 of the Dungeon
 11764 | D:10     | Reached **** piety under Yredelemnul
 12096 | D:11     | Noticed an oklob plant
 12294 | D:11     | Noticed a cyclops
 12306 | D:11     | Killed a cyclops
 12306 | D:11     | Gained mutation: You have a pair of small horns on your head. [demonic ancestry]
 12306 | D:11     | Reached XP level 11. HP: 44/90 MP: 15/15
 12307 | D:11     | Received a gift from Yredelemnul (a mummy)
 12453 | D:11     | Reached skill level 12 in Polearms
 12598 | D:11     | Reached skill level 10 in Fighting
 12619 | D:11     | Found a staircase to the Lair.
 12628 | D:11     | Killed an oklob plant
 13082 | D:11     | Received a gift from Yredelemnul (a wight)
 13502 | D:12     | Noticed a deep elf mage
 13502 | D:12     | Noticed a deep elf mage
 13533 | D:12     | HP: 8/92 [orc warrior/glaive (8)]
 13540 | D:12     | HP: 9/92 [orc warrior/glaive (6)]
 13546 | D:12     | Received a gift from Yredelemnul (a wraith)
 13893 | D:12     | Killed a deep elf mage
 14155 | D:12     | Killed a deep elf mage
 14314 | D:12     | Reached skill level 13 in Polearms
 14665 | D:12     | Noticed a white ugly thing
 14686 | D:12     | Killed a white ugly thing
 14981 | D:12     | Reached skill level 11 in Fighting
 15337 | D:12     | Noticed Erolcha
 15346 | D:12     | Killed Erolcha
 15363 | D:12     | Received a gift from Yredelemnul (4 flying skulls)
 15363 | D:12     | Found a staircase to the Orcish Mines.
 15364 | D:12     | Found a roughly hewn altar of Beogh.
 15391 | D:12     | Noticed a death knight
 15396 | D:12     | Noticed a phantasmal warrior
 15403 | D:12     | Killed a phantasmal warrior
 15412 | D:12     | Killed a death knight
 15412 | D:12     | Gained mutation: You have a pair of horns on your head. [demonic ancestry]
 15412 | D:12     | Reached XP level 12. HP: 17/100 MP: 5/16
 16014 | D:12     | You fall through a shaft for 2 floors!
 16411 | D:14     | Found a basalt altar of Yredelemnul.
 16452 | D:14     | Reached skill level 14 in Polearms
 16453 | D:14     | Noticed Kirke
 16464 | D:14     | HP: 7/100 [lindwurm/blast of flame[Kirke] (33)]
 16479 | D:14     | HP: 5/100 [vampire mosquito (6)]
 16613 | D:13     | Noticed a vault guard
 16613 | D:13     | Noticed Maurice
 16614 | D:13     | HP: 1/100 [gargoyle/mace (16)]
 16616 | D:13     | Killed from afar by a gargoyle

Vanquished Creatures
  Pikel (D:7)
  A deep elf mage (D:12)
  An oklob plant (D:11)
  A manticore (D:12)
  A centaur zombie (D:12)
  A cyclops (D:11)
  Joseph (D:7)
  2 freezing wraiths
  A troll (D:9)
  A meliai (D:14)
  A hornet (D:11)
  4 slime creatures
  A hippogriff (D:12)
  A wraith (D:9)
  Eustachio (D:5)
  4 yaks
  A wyvern (D:11)
  A hungry ghost (D:11)
  A vampire mosquito (D:14)
  The ghost of Meatbag the Conjurer, an amateur DECj (D:4)
  2 ice beasts
  5 orc warriors
  2 sky beasts
  3 slaves (D:7)
  2 black bears (D:11)
  A phantom (D:12)
  A necrophage (D:8)
  5 ogres
  3 centaurs
  6 bullfrogs
  2 big kobolds
  2 scorpions
  4 killer bees (D:10)
  A wight (D:8)
  3 crimson imps
  2 bullfrog zombies (D:12)
  2 bullfrog skeletons
  2 jellies (D:11)
  6 orc priests
  5 hounds
  7 orc wizards
  2 centaur skeletons
  5 iguanas
  5 worker ants
  A hound skeleton (D:4)
  A mummy (D:8)
  A worker ant zombie (D:7)
  Robin (D:2)
  11 adders
  4 gnolls
  3 river rats
  A shadow imp (D:5)
  10 oozes
  5 worms
  4 dart slugs
  6 leopard geckos
  46 orcs
  3 ball pythons
  9 giant cockroaches
  13 goblins
  12 hobgoblins
  5 jackals
  17 kobolds
  4 quokkas
  7 bats
  9 frilled lizards
  A leopard gecko skeleton (D:5)
  6 rats
285 creatures vanquished.

Vanquished Creatures (collateral kills)
  Erolcha (D:12)
  The ghost of Deathmic the Carver, a novice MiFi of Okawaru (D:9)
  Erica (D:8)
  A death knight (D:12)
  A phantasmal warrior (D:12)
  An ugly thing (D:12)
  A deep elf mage (D:12)
  3 cyclopes
  A centaur skeleton (D:12)
  Psyche (D:8)
  A gargoyle (D:12)
  A freezing wraith (D:12)
  The ghost of Amnesiac the Digger, a novice DsEE (D:5)
  2 meliai (D:14)
  9 slime creatures (D:12)
  A hippogriff (D:8)
  Sigmund (D:2)
  4 yaks
  3 wraiths (D:9)
  A hog (D:14)
  3 vampire mosquitoes (D:14)
  A black bear (D:6)
  A slave (D:7)
  A sky beast (D:6)
  5 orc warriors
  2 phantoms
  An ogre (D:9)
  An eye of draining (D:10)
  A big kobold (D:11)
  5 bullfrogs
  A killer bee (D:10)
  2 wights (D:8)
  2 howler monkeys
  A crimson imp (D:11)
  A bullfrog zombie (D:6)
  A centaur zombie (D:9)
  2 hounds (D:6)
  A jelly (D:11)
  4 orc priests (D:12)
  An orc wizard (D:9)
  A worker ant (D:10)
  A killer bee zombie (D:8)
  A hound skeleton (D:9)
  An adder (D:8)
  An adder zombie (D:9)
  11 orcs
  2 kobolds (D:11)
  A quokka skeleton (D:5)
  A rat (D:2)
93 creatures vanquished.

Vanquished Creatures (others)
  An ugly thing zombie (D:12)
  2 meliai zombies (D:14)
  4 flying skulls (D:12)
  A wraith (D:12)
  A manticore zombie (D:12)
  A hog zombie (D:14)
  A cyclops zombie (D:12)
  A troll zombie (D:9)
  4 yak zombies
  A yak skeleton (D:9)
  2 wights
  2 bullfrog zombies
  A centaur skeleton (D:9)
  A killer bee zombie (D:10)
  4 ogre zombies
  2 sky beast zombies
  A big kobold zombie (D:10)
  A howler monkey zombie (D:6)
  A mummy (D:12)
  A worker ant zombie (D:7)
  An iguana zombie (D:14)
  An adder zombie (D:9)
  A gnoll zombie (D:6)
  A jackal zombie (D:6)
  A kobold zombie (D:10)
  2 orc skeletons (D:12)
  25 orc zombies
65 creatures vanquished.

Grand Total: 443 creatures vanquished

Table legend:
 A = Turns spent in this place as a percentage of turns spent in the entire game.
 B = Non-inter-level travel turns spent in this place as a percentage of non-inter-level travel turns spent in the entire game.
 C = Inter-level travel turns spent in this place as a percentage of turns spent in this place.
 D = Turns resting spent in this place as a percentage of non-inter-level travel turns spent in this place.
 E = Turns spent auto-exploring this place as a percentage of non-inter-level travel turns spent in this place.
 F = Non-inter-level travel turns spent in this place divided by the number of levels of this place that you've seen.
                   A       B       C       D       E      F
               +-------+-------+-------+-------+-------+----------------------
         Total | 100.0 | 100.0 |   4.0 |  39.8 |  31.7 | 996.7
       Dungeon |  95.3 |  95.3 |   4.1 |  39.4 |  32.2 | 1085.2
        Temple |   0.8 |   0.7 |  17.3 |   0.0 |  91.8 | 110.0
         Sewer |   3.9 |   4.0 |   0.0 |  56.1 |   8.5 | 644.0
               +-------+-------+-------+-------+-------+----------------------

Table legend:
 A = Spawn XP
 B = Non-spawn XP
 C = Spawn XP percentage of total XP
 D = Spawn monster count
 E = Non-spawn monster count
 F = Spawn count percentage of total count
 G = Total turns spent on level
                    A         B        C        D         E        F      G
               +---------+---------+-------+---------+---------+-------+---------
         Total |       0 |   24717 |   0.0 |       0 |     373 |   0.0 | 16616
               +---------+---------+-------+---------+---------+-------+---------
           D:1 |       0 |      63 |   0.0 |       0 |      26 |   0.0 |  1193
           D:2 |       0 |     187 |   0.0 |       0 |      25 |   0.0 |  1621
           D:3 |       0 |      93 |   0.0 |       0 |      31 |   0.0 |   864
           D:4 |       0 |     440 |   0.0 |       0 |      25 |   0.0 |   959
           D:5 |       0 |     750 |   0.0 |       0 |      17 |   0.0 |  1538
           D:6 |       0 |     823 |   0.0 |       0 |      22 |   0.0 |   858
           D:7 |       0 |    1497 |   0.0 |       0 |      12 |   0.0 |  1193
           D:8 |       0 |    1741 |   0.0 |       0 |      15 |   0.0 |   705
           D:9 |       0 |    3597 |   0.0 |       0 |      36 |   0.0 |  1684
          D:10 |       0 |     779 |   0.0 |       0 |      25 |   0.0 |   693
          D:11 |       0 |    4156 |   0.0 |       0 |      47 |   0.0 |  1355
          D:12 |       0 |    8862 |   0.0 |       0 |      66 |   0.0 |  2574
          D:14 |       0 |    1605 |   0.0 |       0 |      16 |   0.0 |   599
         Sewer |       0 |     124 |   0.0 |       0 |      10 |   0.0 |   644
               +---------+---------+-------+---------+---------+-------+---------
